 Dungeon Crawl Stone Soup version 0.18-a0-1808-g3e993bd (webtiles) character file.

30394 Sixotanaka the Fencer (level 13, 0/86 HPs)
             Began as a Human Fighter on Apr 26, 2016.
             Was a High Priest of Okawaru.
             Slain by a death yak (17 damage)
             ... on level 4 of the Lair of Beasts.
             The game lasted 00:56:21 (23864 turns).

Sixotanaka the Fencer (Human Fighter)              Turns: 23864, Time: 00:56:21

Health: 0/86       AC: 22    Str: 24    XL:     13   Next: 88%
Magic:  17/17      EV:  7    Int:  9    God:    Okawaru [*****.]
Gold:   902        SH:  0    Dex: 14    Spells: 0 memorised, 12 levels left

rFire  x . .     SeeInvis .     z - +6 great sword (elec)
rCold  + + .     Gourm    .     e - +0 plate armour
rNeg   . . .     Faith    +     (shield currently unavailable)
rPois  +         Spirit   .     p - +1 hat {MR+}
rElec  .         Dismiss  .     J - +0 cloak {+Inv}
rCorr  .         Reflect  .     G - +1 pair of gloves
SustAt .         Harm     .     h - +0 pair of boots "Qaydgha" {Str+2}
MR     +....                    X - amulet of faith {!P}
Stlth  ..........               r - ring of protection from cold
                                L - ring of ice

@: somewhat resistant to hostile enchantments, extremely unstealthy
A: poison resistance, strong 1
a: Heroism, Finesse, Renounce Religion, Evoke Invisibility


You were on level 4 of the Lair of Beasts.
You worshipped Okawaru.
Okawaru was extremely pleased with you.
You were hungry.

You visited 3 branches of the dungeon, and saw 16 of its levels.
You also visited: Labyrinth and Ossuary.

You collected 1062 gold pieces.
You spent 160 gold pieces at shops.


Innate Abilities, Weirdness & Mutations

Your system is resistant to poisons.
Your muscles are strong. (Str +2)


   Skills:
 - Level 3.0 Fighting
 + Level 15.9 Long Blades
 - Level 13.5 Armour
   Level 3.0 Shields
 - Level 4.0 Invocations
 - Level 6.4 Evocations


You had 12 spell levels left.
You didn't know any spells.

Dungeon Overview and Level Annotations

Branches:
Dungeon (10/15)            Temple (1/1) D:4            Lair (5/8) D:10
 Shoals (0/4) Lair:3
  Snake: Lair:3-6    Spider: Lair:3-6       Orc: D:9-12

Altars:
Ashenzari
Cheibriados
Dithmenos
Elyvilon
Fedhas
Gozag
Kikubaaqudgha
Makhleb
Nemelex Xobeh
Okawaru
Pakellas
Qazlal
Ru
Sif Muna
Trog
Vehumet
Xom
Yredelemnul
Zin
The Shining One
Lugonu

Shops:
D:8 !!

Annotations:
D:3 Sigmund
D:10 Joseph
Lair:5 exclusion: ice statue

Inventory:

Hand Weapons
 x - a +2 scimitar of flaming
   (You took it off Erica on level 10 of the Dungeon)
 z - a +6 great sword of electrocution (weapon)
   (You acquired it on level 4 of the Lair of Beasts)
 K - a +0 blowgun
Missiles
 n - a javelin of returning (quivered)
 P - 5 curare-tipped needles
 R - 5 steel javelins
Armour
 e - a +0 plate armour (worn)
 h - the +0 pair of boots "Qaydgha" (worn) {Str+2}
   (Okawaru gifted it to you on level 5 of the Lair of Beasts)

   It affects your strength (+2).
 p - a +1 hat of magic resistance (worn)
   (You took it off Gastronok on level 9 of the Dungeon)
 G - a +1 pair of gloves (worn)
 J - a +0 cloak of invisibility (worn)
   (Okawaru gifted it to you on level 2 of the Lair of Beasts)
Jewellery
 r - a ring of protection from cold (right hand)
 L - a ring of ice (left hand)
 X - an amulet of faith (around neck) {!P}
 Z - the amulet of Veonguas {Gourm rF++ Str-3}
   (You found it on level 3 of the Lair of Beasts)

   [amulet of the gourmand]

   It allows you to eat raw meat even when not hungry.
   It affects your strength (-3).
   It greatly protects you from fire.
Wands
 b - a wand of slowing (12/48)
 y - a wand of confusion (41/48)
 M - a wand of disintegration (14/24)
 V - a wand of iceblast (7/15)
Scrolls
 i - 4 scrolls of teleportation {@r4}
 j - 6 scrolls of enchant weapon
 l - 3 scrolls of fear
 o - 2 scrolls of magic mapping
 q - 2 scrolls of remove curse {@r2}
 t - a scroll of amnesia {unknown}
 u - 6 scrolls of recharging
 v - 3 scrolls of enchant armour
 H - 3 scrolls of immolation {!r}
 I - 2 scrolls of blinking
 N - a scroll of holy word {unknown}
 S - 2 scrolls of vulnerability {unknown}
Potions
 d - a potion of lignification {!q}
 g - 3 potions of curing {@q1}
 k - 3 potions of brilliance
 m - 2 potions of magic
 s - 2 potions of ambrosia
 A - a potion of mutation {unknown}
 C - 2 potions of resistance
 D - a potion of haste {unknown}
 F - a potion of berserk rage
 O - a potion of cancellation {unknown}
 T - a potion of agility {unknown}
 U - a potion of invisibility {unknown}
Miscellaneous
 Y - a phial of floods
Comestibles
 a - 2 chunks of flesh
 f - 11 bread rations
 w - 8 meat rations
 E - 11 fruits
 Q - 4 beef jerkies

...#.....##....P##+.###..........
.................................
............>....................
.................................
.................................
.................#...#.P.........
..................##.###.........
................##..........#.#.#
##..#+###.......@.....#.....###.#
##..P+.........Y#.....##...###.##
++.....#........................#
#.......#....................#...
##.#.####....##..#..#.#....#.##P#
.##.##.#P....#..............#####
.............+........#.....#####
.............#...................
......................#..........


You could see a death yak.


Message History

The death yak barely misses you.
You slash the death yak! The yak gores you but does no damage.
You slice the death yak!!
You kill the death yak!
Okawaru accepts your kill.
You barely miss the yak. The yak gores you but does no damage.
You slice the yak!!
There is a sudden explosion of sparks!
The yak gores you but does no damage.
You slash the yak!
You kill the yak!
Okawaru accepts your kill.
The death yak gores the fungus.
You completely miss the death yak. You slice the death yak!!
The death yak gores you!
The death yak gores the fungus!!
The fungus is destroyed!
You completely miss the death yak.
The death yak gores you but does no damage.
You see here an elephant corpse.
You hit the death yak.
There is a sudden explosion of sparks!
The death yak completely misses you.
You hit the death yak but do no damage.
The death yak gores the fungus!!
Your plate armour prevents you from hitting the death yak.
The death yak gores you but does no damage.
The death yak barely misses you.
You feel like a meek peon again.
Your plate armour prevents you from hitting the death yak.
The death yak gores you but does no damage.
The death yak gores you!!
You slash the death yak!
There is a sudden explosion of sparks!
You barely miss the death yak.
The death yak bellows!
The death yak bellows! x2; The yak bellows! x3
Some of the chunks of flesh in your inventory have rotted away.
The yak bellows! x2
The death yak gores you but does no damage.
You see here an elephant corpse.
The death yak gores you!
* * * LOW HITPOINT WARNING * * *
There is a stone staircase leading up here.
The death yak gores you.
* * * LOW HITPOINT WARNING * * *
You climb upwards.
There is a stone staircase leading down here.
You hit the death yak but do no damage.
There is a sudden explosion of sparks!
The death yak gores you!!
* * * LOW HITPOINT WARNING * * *
You hit the death yak. You barely miss the death yak. The death yak gores you.
* * * LOW HITPOINT WARNING * * *
Here: a death yak (heavily wounded)
The floor.
You slash the death yak! The death yak gores you!
* * * LOW HITPOINT WARNING * * *
There is a stone staircase leading down, spattered with blood here.
There is a stone staircase leading down, spattered with blood here.
There is a stone staircase leading down, spattered with blood here.
There is a stone staircase leading down, spattered with blood here.
There is a stone staircase leading down, spattered with blood here.
There is a stone staircase leading down, spattered with blood here.
There is a stone staircase leading down, spattered with blood here.
You are feeling hungry.
There is a stone staircase leading down, spattered with blood here.
There is a stone staircase leading down, spattered with blood here.
There is a stone staircase leading down, spattered with blood here.
There is a stone staircase leading down, spattered with blood here.
The death yak gores you but does no damage.
There is a stone staircase leading down, spattered with blood here.
The death yak gores you!
You die...

Action                   |  1- 3 |  4- 6 |  7- 9 | 10-12 | 13-15 || total
-------------------------+-------+-------+-------+-------+-------++-------
Melee: Long sword        |   107 |   263 |   628 |   508 |       ||  1506
       Scimitar          |       |       |       |   501 |   142 ||   643
       Great sword       |       |       |       |       |   169 ||   169
Throw: Throwing net      |       |       |       |     2 |       ||     2
       Javelin           |       |       |       |     5 |     8 ||    13
Invok: Heroism           |       |       |       |    13 |     7 ||    20
       Finesse           |       |       |       |     1 |       ||     1
 Abil: Evoke Invisibilit |       |       |       |       |     1 ||     1
Evoke: Wand              |       |       |     1 |       |       ||     1
  Use: Potion            |     1 |       |     2 |     8 |     4 ||    15
       Scroll            |       |       |    11 |    11 |     8 ||    30
 Stab: Confused          |       |       |     1 |       |       ||     1
       Held in net/web   |       |       |       |     1 |       ||     1
       Invisible         |       |       |       |       |     2 ||     2
       Distracted        |       |       |       |       |     1 ||     1
  Eat: Chunk             |     1 |     3 |     9 |    21 |     6 ||    40
       Meat ration       |       |     1 |     4 |     1 |       ||     6
       Pizza             |       |     1 |       |     1 |     1 ||     3
       Bread ration      |       |     1 |     2 |       |       ||     3
       Beef jerky        |       |       |     1 |       |     4 ||     5
       Fruit             |       |       |       |     1 |       ||     1
Armor: Scale mail        |    60 |   110 |   101 |       |       ||   271
       Plate armour      |       |       |   158 |   541 |   209 ||   908
       Skin              |       |       |       |    72 |     3 ||    75
Dodge: Dodged            |    35 |    49 |   106 |   131 |   104 ||   425
Block: Shield            |    57 |   110 |   226 |   394 |    63 ||   850

Vault maps used:
D:1:      shiori_shiawase
D:2:      lemuel_doored_altar, lemuel_round_altar,
          gammafunk_temple_overflow_pools, ecumenical_altar_1, first_bread,
          serial_forest, infiniplex_forest_straight_3,
          infiniplex_forest_straight_4, infiniplex_forest_lined_corner,
          infiniplex_forest_lined_3, infiniplex_forest_join,
          nicolae_gozag_cash_rules_everything_around_me
D:3:      nicolae_overflow_hidden_temple, uniq_sigmund
D:4:      grunt_temple_overflow_champion_of_chaos, lemuel_crystal_altar,
          minmay_temple_entry_overgrown, lightli_ossuary_entry_decrepit_ruins
D:6:      kennysheep_windowed_halls, lightli_temple_of_fire, uniq_blork_the_orc
D:7:      marbit_many_paths
D:8:      lemuel_coloured_pillars_altar, serial_shops, nicolae_shop_stone,
          kennysheep_mini
D:9:      lemuel_crystal_altar, grunt_ogre_cave, minmay_variable_closet,
          nicolae_qazlal_general_emergency, uniq_gastronok, uniq_maurice
D:10:     lair_0_dummy, fedhas_altar_3, uniq_fannar, uniq_joseph, uniq_erica
Temple:   corrupted_temple
Lair:1:   uniq_urug
Lair:2:   nicolae_quartered_pool_little, beast_lair_carwin_4
Lair:3:   minmay_shoals_entry_beasts, beast_lair_carwin_3,
          infiniplex_staircase_pool
Lair:4:   minivault_25
Lair:5:   lab_entry_generic, ice2_lemuel, lemuel_fruit_fields,
          serial_bayou_shore_a, lemuel_fruit_fields
Lab:      nicolae_lab_dead_adventurers, nicolae_lab_garden, labyrinth_lava_lair
Ossuary:  ossuary_tomb_1

Notes
Turn   | Place    | Note
--------------------------------------------------------------
     0 | D:1      | Sixotanaka the Human Fighter began the quest for the Orb.
     0 | D:1      | Reached XP level 1. HP: 18/18 MP: 1/1
    79 | D:1      | Reached XP level 2. HP: 24/24 MP: 2/2
   188 | D:1      | Reached skill level 3 in Long Blades
   342 | D:1      | Reached XP level 3. HP: 29/29 MP: 3/3
   977 | D:2      | Found a deep blue altar of Sif Muna.
  1001 | D:2      | Found a faded altar to an unknown god.
  1069 | D:2      | Reached skill level 4 in Long Blades
  1069 | D:2      | Reached XP level 4. HP: 10/35 MP: 4/4
  1078 | D:2      | HP: 8/35 [poisoned by an adder]
  1086 | D:2      | HP: 7/35 [poisoned by an adder]
  1601 | D:2      | Found an opulent altar of Gozag.
  1663 | D:2      | Found a sacrificial altar of Ru.
  1663 | D:2      | Found a shattered altar of Ashenzari.
  1718 | D:2      | Found a snail-covered altar of Cheibriados.
  2599 | D:3      | Reached XP level 5. HP: 31/41 MP: 5/5
  2625 | D:3      | Found a blossoming altar of Fedhas.
  2995 | D:3      | Reached skill level 5 in Long Blades
  3068 | D:3      | Noticed Sigmund
  3372 | D:3      | HP: 5/41 [orc/mace (7)]
  3377 | D:3      | HP: 2/41 [orc/mace (2)]
  3431 | D:3      | HP: 8/41 [orc/dagger (1)]
  3763 | D:4      | Found a staircase to the Ecumenical Temple.
  3767 | D:4      | Found a sand-covered staircase.
  3770 | Temple   | Entered the Ecumenical Temple
  3802 | Ossuary  | Entered an ossuary
  3859 | Ossuary  | Reached XP level 6. HP: 47/47 MP: 6/6
  3956 | Ossuary  | Reached skill level 6 in Long Blades
  4395 | D:4      | Reached skill level 7 in Long Blades
  4395 | D:4      | Reached XP level 7. HP: 42/52 MP: 7/7
  4410 | D:4      | HP: 7/52 [scorpion (8)]
  4692 | D:4      | Found a glowing silver altar of Zin.
  5065 | D:4      | Found a shimmering altar of Xom.
  5066 | D:4      | Found a burning altar of Makhleb.
  5339 | D:4      | HP: 9/52 [ogre/giant club (29)]
  5351 | D:4      | HP: 1/52 [ogre/giant club (10)]
  6167 | D:4      | Reached skill level 8 in Long Blades
  6613 | D:4      | Reached XP level 8. HP: 37/58 MP: 8/8
  6740 | D:5      | Entered Level 5 of the Dungeon
  7248 | D:4      | HP: 11/58 [phantom (5)]
  7435 | D:5      | Reached skill level 9 in Long Blades
  8057 | D:6      | Noticed Blork the orc
  8071 | D:6      | Killed Blork the orc
  8222 | D:6      | Found a bloodstained altar of Trog.
  8335 | D:6      | Reached skill level 10 in Long Blades
  9113 | D:6      | Reached XP level 9. HP: 58/63 MP: 9/9
  9560 | D:6      | Reached skill level 11 in Long Blades
 10435 | D:7      | Reached skill level 12 in Long Blades
 10768 | D:7      | Found a stormy altar of Qazlal.
 10819 | D:8      | Found Etud's Distillery.
 11194 | D:8      | Reached XP level 10. HP: 55/70 MP: 10/10
 11244 | D:8      | Reached skill level 13 in Long Blades
 11359 | D:8      | Found Rikkimny's Distillery.
 11362 | D:8      | Bought 2 potions of heal wounds for 160 gold pieces
 11667 | D:8      | Found an iron altar of Okawaru.
 11677 | D:8      | Became a worshipper of Warmaster Okawaru
 12324 | D:9      | Noticed Gastronok
 12343 | D:9      | Found a stormy altar of Qazlal.
 12492 | D:9      | Killed Gastronok
 12492 | D:9      | Reached * piety under Okawaru
 12492 | D:9      | Reached ** piety under Okawaru
 12492 | D:9      | Reached *** piety under Okawaru
 12492 | D:9      | Reached skill level 14 in Long Blades
 12862 | D:9      | Found an oddly glowing altar of Pakellas.
 12887 | D:9      | Reached XP level 11. HP: 40/75 MP: 11/11
 13153 | D:9      | Reached skill level 4 in Armour
 13324 | D:9      | Noticed Maurice
 13385 | D:9      | Killed Maurice
 13385 | D:9      | Reached skill level 5 in Armour
 14114 | D:10     | Entered Level 10 of the Dungeon
 14114 | D:10     | Noticed a hill giant
 14126 | D:10     | HP: 9/75 [hill giant/giant spiked club (11)]
 14136 | D:10     | Killed a hill giant
 14136 | D:10     | Reached skill level 6 in Armour
 14253 | D:10     | Noticed Erica
 14295 | D:10     | Killed Erica
 14295 | D:10     | Reached skill level 7 in Armour
 14528 | D:10     | Reached **** piety under Okawaru
 14659 | D:10     | Killed an unseen horror
 14659 | D:10     | Reached skill level 8 in Armour
 15178 | D:10     | Noticed a hill giant
 15192 | D:10     | Killed a hill giant
 15453 | D:10     | Reached skill level 9 in Armour
 15521 | D:10     | Noticed Fannar
 15539 | D:10     | Killed Fannar
 15539 | D:10     | Reached ***** piety under Okawaru
 15539 | D:10     | Reached skill level 1 in Invocations
 15589 | D:10     | Reached skill level 2 in Invocations
 15673 | D:10     | Found a staircase to the Lair.
 15763 | D:10     | Found a blossoming altar of Fedhas.
 16127 | D:10     | Noticed Joseph
 16298 | Lair:1   | Entered Level 1 of the Lair of Beasts
 16298 | Lair:1   | Noticed Urug
 16314 | Lair:1   | Killed Urug
 16314 | Lair:1   | Reached skill level 3 in Invocations
 16314 | Lair:1   | Reached XP level 12. HP: 70/81 MP: 10/14
 16354 | Lair:1   | Reached skill level 10 in Armour
 16717 | Lair:1   | Reached skill level 4 in Invocations
 17465 | Lair:1   | Reached skill level 11 in Armour
 17828 | Lair:2   | Noticed an eight-headed hydra
 17834 | Lair:2   | Killed a five-headed hydra
 18093 | Lair:2   | Received a gift from Okawaru
 18332 | Lair:2   | Reached skill level 1 in Evocations
 18543 | Lair:2   | Reached skill level 12 in Armour
 18543 | Lair:2   | Reached skill level 2 in Evocations
 19161 | Lair:3   | Got a shimmering sapphire amulet
 19268 | Lair:3   | Noticed a six-headed hydra
 19276 | Lair:3   | Killed a two-headed hydra
 19361 | Lair:3   | Found a staircase to the Shoals.
 19385 | Lair:3   | Reached skill level 3 in Evocations
 19739 | Lair:3   | Identified the amulet of Veonguas {Gourm rF++ Str-3} (You found it on level 3 of the Lair of Beasts)
 19911 | Lair:3   | Reached XP level 13. HP: 63/86 MP: 16/16
 20111 | Lair:3   | Gained mutation: Your muscles are strong. (Str +2) [potion of beneficial mutation]
 20112 | Lair:3   | Gained mutation: Your system is resistant to poisons. [potion of beneficial mutation]
 20599 | Lair:4   | Reached skill level 13 in Armour
 20746 | Lair:4   | Reached skill level 4 in Evocations
 20775 | Lair:4   | HP: 21/86 [blink frog (11)]
 20782 | Lair:4   | HP: 21/129 [blink frog (5)]
 20790 | Lair:4   | HP: 23/129 [blink frog (8)]
 21264 | Lair:4   | Identified 2 scrolls of acquirement
 21604 | Lair:5   | Found a labyrinth entrance.
 21611 | Lab      | Entered a labyrinth
 21689 | Lab      | Noticed a minotaur
 21702 | Lab      | Killed a minotaur
 22125 | Lair:5   | Reached skill level 5 in Evocations
 22191 | Lair:5   | Noticed an ice dragon
 22210 | Lair:5   | Reached skill level 15 in Long Blades
 22216 | Lair:5   | Killed an ice dragon
 22223 | Lair:5   | Reached skill level 6 in Evocations
 22228 | Lair:5   | Received a gift from Okawaru
 22233 | Lair:5   | Got a pair of translucent boots {god gift}
 22244 | Lair:5   | Identified the +0 pair of boots "Qaydgha" {Str+2} (Okawaru gifted it to you on level 5 of the Lair of Beasts)
 22756 | Lair:5   | HP: 18/86 [elephant (7)]
 22772 | Lair:5   | HP: 12/86 [death yak (10)]
 22820 | Lair:5   | HP: 3/86 [komodo dragon (15)]
 23206 | Lair:4   | Noticed a five-headed hydra
 23254 | Lair:4   | Killed a one-headed hydra
 23381 | Lair:4   | Noticed a six-headed hydra
 23393 | Lair:4   | Killed a one-headed hydra
 23812 | Lair:4   | HP: 19/86 [death yak (4)]
 23813 | Lair:4   | HP: 4/86 [death yak (15)]
 23864 | Lair:4   | Slain by a death yak

Vanquished Creatures
  Gastronok (D:9)
  A minotaur (Lab)
  Fannar (D:10)
  An ice dragon (Lair:5)
  4 hydras
  Erica (D:10)
  Urug (Lair:1)
  A death yak (Lair:5)
  An unseen horror (D:10)
  2 hill giants (D:10)
  A griffon (Lair:3)
  A manticore (Lair:3)
  Maurice (D:9)
  2 black mambas (Lair:2)
  6 elephants (Lair:5)
  3 spiny frogs
  2 komodo dragons
  A troll (D:10)
  3 polar bears
  A two-headed ogre (D:10)
  6 blink frogs
  18 yaks
  A wyvern (Lair:5)
  6 hippogriffs
  A hungry ghost (D:7)
  4 water moccasins
  13 porcupines
  An eye of draining (D:10)
  4 sky beasts
  An orc warrior (D:8)
  6 ice beasts
  A black bear (D:7)
  14 wolves
  4 phantoms
  7 ogres
  A necrophage (D:8)
  4 centaurs
  12 crocodiles
  2 big kobolds
  Blork the orc (D:6)
  11 giant frogs
  A gnoll sergeant (D:9)
  3 scorpions
  3 killer bees
  A howler monkey (D:4)
  10 crimson imps
  A quasit (D:9)
  3 centaur zombies
  6 hounds
  3 orc priests
  A jelly (D:7)
  15 orc wizards
  4 giant frog skeletons
  A gnoll shaman (D:6)
  2 centaur skeletons
  9 iguanas
  8 worker ants
  2 killer bee zombies
  6 sheep (Lair:4)
  3 big kobold zombies (Ossuary)
  A hound zombie (D:9)
  2 hound skeletons
  2 mummies (Ossuary)
  A howler monkey zombie (D:5)
  A worker ant zombie (D:9)
  6 gnolls
  24 river rats
  10 adders
  A shadow imp (D:9)
  An ooze (D:2)
  3 adder zombies
  An adder skeleton (D:6)
  A worm (D:2)
  5 dart slugs
  5 giant geckos
  30 orcs
  5 bats
  5 giant cockroaches
  7 goblins
  5 hobgoblins
  2 jackals (D:6)
  17 kobolds
  6 quokkas
  2 ball pythons
  A giant cockroach zombie (D:6)
  2 giant newts
  A goblin zombie (Ossuary)
  14 hobgoblin zombies (Ossuary)
  6 kobold zombies (Ossuary)
  7 orc zombies (Ossuary)
  4 quokka skeletons
  6 rats
  2 rat zombies (Ossuary)
421 creatures vanquished.

Vanquished Creatures (others)
  13 fungi
  3 plants (Lair:5)
16 creatures vanquished.

Grand Total: 437 creatures vanquished
